 Dungeon Crawl Stone Soup version 0.25-a0-294-gea9b1ad378 (webtiles) character file.

Game seed: 432644177385934036, levelgen mode: deterministic

355 vishdafish the Skirmisher (level 6, -16/52 HPs)
             Began as a Centaur Berserker on Dec 17, 2019.
             Was a Believer of Trog.
             Demolished by an ogre
             ... wielding a +0 giant spiked club
              (24 damage)
             ... on level 3 of the Dungeon.
             The game lasted 00:04:16 (2349 turns).

vishdafish the Skirmisher (Centaur Berserker)       Turns: 2349, Time: 00:04:17

Health: -16/52     AC:  4    Str: 19    XL:     6   Next: 36%
Magic:  6/6        EV: 10    Int:  6    God:    Trog [**....]
Gold:   179        SH:  3    Dex: 11    Spells: 5/5 levels left

rFire    . . .     SeeInvis .   g - +2 halberd (distort)
rCold    . . .     Gourm    .   (shield currently unavailable)
rNeg     . . .     Faith    .   m - +0 leather armour (curse)
rPois    .         Spirit   .   (no helmet)
rElec    .         Reflect  +   (no cloak)
rCorr    .         Harm     .   (no gloves)
MR       .....                  (no barding)
Stlth    +.........             p - +3 amulet of reflection
HPRegen  0.17/turn              (no ring)
MPRegen  0.10/turn              (no ring)

@: very quick
A: large, hooves 3, deformed body, speed 2, tough skin 3
a: Berserk, Trog's Hand, Renounce Religion


You were on level 3 of the Dungeon.
You worshipped Trog.
Trog was pleased with you.
You were not hungry.

You visited 1 branch of the dungeon, and saw 4 of its levels.

You collected 179 gold pieces.

Inventory:

Hand Weapons
 a - a +0 hand axe
 g - a +2 halberd of distortion (weapon)
Armour
 b - a +0 animal skin
 m - a cursed +0 leather armour (worn)
Jewellery
 p - a +3 amulet of reflection (around neck)
 s - an uncursed amulet of faith {unknown}
Scrolls
 d - a scroll of amnesia {unknown}
 e - 5 scrolls of identify {unknown}
 f - a scroll of fog {unknown}
 j - a scroll of blinking {unknown}
 k - a scroll of random uselessness {unknown}
 l - 2 scrolls of teleportation {unknown}
 r - a scroll of enchant weapon {unknown}
Potions
 n - a potion of magic {unknown}
 o - 3 potions of curing {unknown}
 q - a potion of brilliance {unknown}
Comestibles
 c - 2 rations


   Skills:
 + Level 4.2 Fighting
 + Level 3.5(4.3) Axes
 + Level 3.7(4.4) Polearms
 + Level 1.8 Armour
 + Level 2.1 Dodging
 + Level 0.2 Stealth


You had 5 spell levels left.
You didn't know any spells.
Your spell library was empty.

Dungeon Overview and Level Annotations

Branches:
Dungeon (4/15)
 Temple: D:4-7

Altars:
Elyvilon
Sif Muna


Innate Abilities, Weirdness & Mutations

You have hooves in place of feet.
Armour fits poorly on your strangely shaped body.
You cover ground very quickly.
You have extremely tough skin. (AC +3)


Message History

The iguana is devoured by a tear in reality.
The ogre barely misses you.
Evoke which item? (* to show all) (? for menu, Esc to quit)
Attack whom?
Press: ? - help, Dir - move target cursor, f - ogre
Aim: an ogre, wielding a +0 giant spiked club You reach to attack!
You hit the ogre but do no damage.
The ogre blinks!
Evoke which item? (* to show all) (? for menu, Esc to quit)
Attack whom?
Press: ? - help, Dir - move target cursor, f - you, p - ogre That would be overly suicidal.
Okay, then.
Evoke which item? (* to show all) (? for menu, Esc to quit)
Attack whom?
Press: ? - help, Dir - move target cursor, f - ogre
Aim: an ogre, wielding a +0 giant spiked club You reach to attack!
You hit the ogre.
Space bends around the ogre.
The ogre is moderately wounded.
The ogre hits you with a +0 giant spiked club!!
You die...

#...#.# #.........#
#.###.# #.........#
......# #.........#
#.#########(...#.#### #.#
#..........# #.#
#.#####..ยง.# #.#
###...##...# #.##
##.....##.O# ...#
#.......#.@#########
<#.####..._...##.........#
......#.......##########.#
##..####.....##..........#
....# ##...############.#
.##.######.## #.#
...........# #.#
###.######.# ### ....# ###


You could see an ogre.

Vanquished Creatures
  A black bear (D:3)
  A phantom (D:3)
  A hound (D:4)
  4 adders
  A gnoll (D:1)
  An ooze (D:3)
  4 worms
  3 dart slugs
  2 leopard geckos
  3 bats
  5 giant cockroaches
  7 goblins
  4 hobgoblins
  6 jackals
  A quokka (D:3)
  3 ball pythons
  A frilled lizard (D:1)
  4 kobolds
  9 rats
61 creatures vanquished.

Vanquished Creatures (others)
  An iguana (D:3)
  4 toadstools (D:1)
5 creatures vanquished.

Grand Total: 66 creatures vanquished

Notes
Turn   | Place    | Note
-------+----------+-------------------------------------------
     0 | D:1      | vishdafish the Centaur Berserker began the quest for the
                  | Orb.
     0 | D:1      | Reached XP level 1. HP: 19/19 MP: 1/1
    49 | D:1      | Reached XP level 2. HP: 16/26 MP: 2/2
   730 | D:1      | Reached XP level 3. HP: 31/31 MP: 3/3
  1167 | D:2      | Reached skill level 1 in Polearms
  1167 | D:2      | Reached XP level 4. HP: 40/40 MP: 4/4
  1180 | D:2      | Reached ** piety under Trog
  1385 | D:3      | Found a white marble altar of Elyvilon.
  1650 | D:3      | Noticed a black bear
  1667 | D:3      | Killed a black bear
  1667 | D:3      | Reached skill level 4 in Fighting
  1667 | D:3      | Reached XP level 5. HP: 22/46 MP: 5/5
  2094 | D:3      | Found a shimmering blue altar of Sif Muna.
  2172 | D:4      | Noticed a phantom
  2185 | D:4      | Noticed an ogre
  2195 | D:3      | HP: 2/46 [phantom (5)]
  2202 | D:3      | Killed a phantom
  2202 | D:3      | Reached XP level 6. HP: 31/52 MP: 6/6
  2349 | D:3      | Demolished by an ogre

Levels and vault maps discovered:
D:1:      ldierk_walled_garden_2, layout_rooms, serial_bayou_lagoon_a,
          minmay_tetromino_i4
D:2:      layout_basic
D:3:      layout_basic, lemuel_round_altar, elyvilon_altar_3,
          minmay_misc_feat_five
D:4:      layout_cave_pools, fiery_altar_vehumet, xom_teletrap_fun

Skill      XL: |  1  2  3  4  5 |
---------------+----------------+-----
Axes           | 3 |  3.5
Polearms       | 1 3 |  3.7
Fighting       | 4 |  4.2
Dodging        | 2 |  2.1
Armour         | |  1.8
Stealth        | |  0.2

Action                   |  1- 3 |  4- 6 || total
-------------------------+-------+-------++-------
Melee: Hand axe          |    31 |       ||    31
       Kick              |    12 |     5 ||    17
       Halberd           |    52 |    81 ||   133
Invok: Berserk           |     2 |       ||     2
  Use: Potion            |       |     2 ||     2
  Eat: Chunk             |     2 |     1 ||     3
       Ration            |       |     1 ||     1
Armor: Animal skin       |    20 |     1 ||    21
       Leather armour    |       |    22 ||    22
Dodge: Dodged            |    41 |    42 ||    83
Block: Other             |       |    10 ||    10
       Reflection        |       |     3 ||     3

Table legend:
 A = Non-vault XP
 B = Vault XP
 C = Vault XP percentage of total XP
 D = Non-vault monster count
 E = Vault monster count
 F = Vault count percentage of total count
                 A         B        C        D         E       F
            +---------+---------+-------+---------+---------+-------
      Total |     502 |       6 |   1.2 |      60 |       2 |   3.2
            +---------+---------+-------+---------+---------+-------
        D:1 |      49 |       6 |  10.9 |      22 |       2 |   8.3
        D:2 |      57 |       0 |   0.0 |      15 |       0 |   0.0
        D:3 |     356 |       0 |   0.0 |      22 |       0 |   0.0
        D:4 |      40 |       0 |   0.0 |       1 |       0 |   0.0
            +---------+---------+-------+---------+---------+-------
